Map: Curious Minds LE

Players

nap

  • Race: Protoss Protoss
  • League: Silver

KaynenUS - Winner!

  • Race: Zerg Zerg
  • League: Silver

VOD

Have the link to the VOD?

Description

Sup. Any tips on how I could've made this defense easier on myself? btw: Cant believe that pylon lived with 16hp.

Time

  • Played on: May 1, 2022, 7:38 p.m.
  • Length: 8:14
Show
View Real Time Build Order
Export as new Build Order

nap Protoss 

Build Orders:  

Get SALT Encoding   

  12  0:00  Probe  
  13  0:14  Probe  
  14  0:26  Probe  
  15  0:35  Pylon  
  15  0:54  Gateway  
  15  0:55  Gateway  
  15  0:59  Gateway  
  15  1:02  Probe  
  16  1:14  Probe  
  17  1:26  Probe  
  18  1:40  Zealot (Chrono Boost)  
  18  1:41  Zealot (Chrono Boost)  
  22  1:50  Pylon  
  22  1:52  Assimilator  
  22  2:08  Zealot x2  
  26  2:13  Pylon  
  26  2:14  Pylon  
  26  2:18  Zealot  
  28  2:23  Probe  
  29  2:35  Zealot  
  29  2:39  Zealot  
  31  2:45  Zealot  
  31  2:52  Assimilator  
  31  2:56  Cybernetics Core  
  27  3:08  Probe  
  28  3:18  Gateway  
  28  3:20  Gateway  
  28  3:22  Probe (Chrono Boost)  
  29  3:30  Stalker (Chrono Boost)  
  29  3:32  Probe (Chrono Boost)  
  34  3:42  Stalker (Chrono Boost)  
  34  3:57  Stalker  
  34  4:01  Stalker  
  38  4:09  Stalker  
  40  4:16  Probe  
  41  4:18  Pylon  
  41  4:25  Stalker  
  41  4:31  Sentry  
  46  4:36  Pylon  
  46  4:41  Stalker  
  47  4:47  Zealot  
  49  4:58  Zealot  
  49  4:59  Sentry  
  53  5:09  Zealot  
  53  5:12  Zealot  
  57  5:19  Pylon  
  57  5:21  Sentry  
  59  5:32  Zealot  
  59  5:34  Sentry  
  63  5:42  Pylon  
  63  5:56  Pylon  
  59  5:57  Pylon  
  26  6:21  Stalker  
  26  6:22  Sentry  
  16  7:41  Probe  
Show
View Real Time Build Order
Export as new Build Order

KaynenUS Zerg - Winner!

Build Orders: Hatch First 

Get SALT Encoding   

  12  0:00  Drone  
  13  0:13  Overlord  
  13  0:17  Drone  
  14  0:32  Drone x2  
  16  0:50  Hatchery  
  16  0:53  Drone  
  16  0:56  Drone  
  17  0:59  Drone  
  18  1:08  Extractor  
  17  1:17  Spawning Pool  
  16  1:19  Drone  
  16  1:22  Drone  
  18  1:28  Drone  
  19  1:42  Overlord  
  19  2:04  Queen x2  
  19  2:06  Zergling x6  
  26  2:17  Spine Crawler  
  26  2:18  Zergling x2  
  26  2:21  Spine Crawler  
  26  2:22  Zergling x2  
  26  2:32  Zergling x4  
  26  2:50  Spine Crawler  
  25  2:52  Zergling x4  
  24  3:12  Queen  
  26  3:13  Drone x4  
  30  3:21  Metabolic Boost  
  30  3:27  Drone  
  31  3:38  Zergling x6  
  34  3:47  Zergling x2  
  34  3:48  Zergling x4  
  36  3:55  Zergling x6  
  36  4:09  Spine Crawler  
  35  4:23  Overlord  
  35  4:27  Hatchery  
  34  4:36  Overlord x2  
  34  4:41  Overlord  
  34  5:05  Spore Crawler  
  32  5:18  Roach Warren  
  32  5:21  Spore Crawler  
  30  5:22  Lair  
  30  5:23  Drone x3  
  32  5:49  Zergling x12  
  39  5:50  Zergling x2  
  39  6:06  Roach  
  39  6:07  Roach x3  
  43  6:16  Zergling x4  
  35  6:26  Zergling x6  
  36  6:35  Roach  
  31  6:48  Ravager  
  32  6:54  Zergling x2  
  32  6:55  Zergling x8  
  28  7:08  Drone  
  28  7:09  Zergling x2  
  21  7:22  Zergling x2  
  20  7:33  Zergling x2  
  20  7:34  Zergling x2  
  22  7:48  Zergling x2  
  22  7:49  Zergling x4  
  25  7:56  Drone  
Tags
 
Add a new tag
Caveats
  • Supply blocks, unpowered buildings, or Contaminate may cause inaccurate times.
  • Supply counts are checked every 10 seconds.